 Dungeon Crawl Stone Soup version 0.24.0-125-gc4c63601f3 (webtiles) character file.

Game seed: 18220979397190570753, levelgen mode: deterministic

116786 Johnny the Earth Mage (level 15, -11/121 HPs)
             Began as a Demigod Earth Elementalist on Feb 23, 2020.
             Killed from afar by a deep elf knight (54 damage)
             ... with a shard of ice
             ... on level 1 of the Elven Halls.
             The game lasted 00:59:38 (31082 turns).

Johnny the Earth Mage (Demigod Earth Elementalist) Turns: 31082, Time: 00:59:39

Health: -11/121    AC: 16    Str: 15    XL:     15   Next: 74%
Magic:  17/47      EV: 12    Int: 32    God:
Gold:   2405       SH:  7    Dex: 24    Spells: 14/41 levels left

rFire    + . .     SeeInvis +   N - +9 spear "Leamiviny" {pierce, SInv}
rCold    x . .     Gourm    .   E - +0 buckler
rNeg     + . .     Faith    .   S - +3 troll leather armour
rPois    +         Spirit   .   e - +2 helmet of Vanity {*Drain rElec Int+3}
rElec    +         Reflect  .   t - +0 cloak of Indomitability {rPois rC- Str+4 Dex+4}
rCorr    .         Harm     +   L - +1 pair of gloves
MR       +....                  Y - +2 pair of boots {run}
Stlth    +.........             p - amulet of harm
HPRegen  0.70/turn              a - ring "Piezidgh" {*Corrode rF+ rN+ Dex+4 Stlth-}
MPRegen  0.30/turn              J - ring of magical power

@: quick
A: high mp 1
a: no special abilities


You were on level 1 of the Elven Halls.
You were not hungry.

You visited 4 branches of the dungeon, and saw 24 of its levels.
You also visited: Sewer and Gauntlet.

You collected 3810 gold pieces.
You spent 1405 gold pieces at shops.

Inventory:

Hand Weapons
 N - the +9 spear "Leamiviny" (weapon) {pierce, SInv}
   (You found it on level 10 of the Dungeon)

   It inflicts extra damage upon your enemies.
   It lets you see invisible.
Missiles
 b - 168 stones (quivered)
Armour
 e - the +2 helmet of Vanity (worn) {*Drain rElec Int+3}
   (You bought it in a shop on level 10 of the Dungeon)

   It affects your intelligence (+3).
   It insulates you from electricity.
   It causes draining when unequipped.
 t - the +0 cloak of Indomitability (worn) {rPois rC- Str+4 Dex+4}
   (You found it on level 1 of the Lair of Beasts)

   It affects your strength (+4).
   It affects your dexterity (+4).
   It makes you vulnerable to cold.
   It protects you from poison.
 E - a +0 buckler (worn)
 K - a +0 cloak
 L - a +1 pair of gloves (worn)
 Q - a +1 shield of protection
 S - a +3 troll leather armour (worn)
 Y - a +2 pair of boots of running (worn)
Jewellery
 a - the ring "Piezidgh" (left hand) {*Corrode rF+ rN+ Dex+4 Stlth-}
   (You found it on level 10 of the Dungeon)

   [ring of attention]

   It affects your dexterity (+4).
   It protects you from fire.
   It protects you from negative energy.
   It may corrode you when you take damage.
   It makes you less stealthy.
 j - an uncursed ring of ice
 p - an amulet of harm (around neck)
 z - an uncursed ring of protection from magic
 J - a ring of magical power (right hand)
Wands
 l - a wand of digging (9)
 D - a wand of random effects (9)
 O - a wand of flame (43)
Scrolls
 m - 5 scrolls of immolation
 o - 5 scrolls of magic mapping
 s - 3 scrolls of fear
 v - 7 scrolls of remove curse
 x - a scroll of summoning
 y - 12 scrolls of teleportation
 C - 8 scrolls of blinking
 H - 3 scrolls of fog
 R - a scroll of torment
 U - a scroll of silence
 V - a scroll of noise
 W - a scroll of identify
 X - 6 scrolls of holy word
Potions
 c - a potion of cancellation {unknown}
 f - 7 potions of curing
 g - 2 potions of flight
 h - 4 potions of mutation
 k - 2 potions of brilliance
 n - 4 potions of might
 q - 2 potions of lignification
 r - a potion of haste {unknown}
 u - 6 potions of agility {unknown}
 w - 5 potions of heal wounds
 A - 3 potions of magic {unknown}
 B - a potion of berserk rage {unknown}
 F - 2 potions of resistance {unknown}
 I - 4 potions of degeneration {unknown}
 M - a potion of ambrosia {unknown}
Miscellaneous
 Z - a phantom mirror
Comestibles
 d - 42 rations


   Skills:
 - Level 8.2 Fighting
 - Level 1.7 Dodging
 - Level 1.7 Stealth
 - Level 6.2 Shields
 - Level 13.9 Spellcasting
 - Level 0.8 Transmutations
 * Level 18.8 Earth Magic


You had 14 spell levels left.
You knew the following spells:

 Your Spells              Type           Power        Failure   Level  Hunger
a - Sandblast             Erth           ######       0%          1    None
b - Stone Arrow           Conj/Erth      ######       1%          3    None
c - Lee's Rapid Deconstr  Erth           #######...   1%          5    None
d - Petrify               Tmut/Erth      ######..     1%          4    None
e - Shatter               Erth           #######...   73%         9    #######
f - Regeneration          Chrm/Necr      ###.......   8%          3    None
g - Sublimation of Blood  Necr           ###.......   3%          2    None

Your spell library contained the following spells:

 Spells                   Type           Power        Failure   Level  Hunger
 Passwall                 Tmut/Erth      ######..     1%          2    None
 Animate Skeleton         Necr           N/A          2%          1    None
 Confusing Touch          Hex            ###...       2%          1    None
 Corona                   Hex            ###....      2%          1    None
 Flame Tongue             Conj/Fire      ###..        2%          1    None
 Magic Dart               Conj           ###.         2%          1    None
 Pain                     Necr           ###.         2%          1    None
 Shock                    Conj/Air       ###.         2%          1    None
 Sting                    Conj/Pois      ###.         2%          1    None
 Summon Small Mammal      Summ           ###.         2%          1    None
 Corpse Rot               Necr           N/A          3%          2    None
 Ensorcelled Hibernation  Hex/Ice        ###...       3%          2    None
 Poisonous Vapours        Pois/Air       ###...       3%          2    None
 Searing Ray              Conj           ###...       3%          2    None
 Swiftness                Chrm/Air       ###.....     3%          2    None
 Throw Flame              Conj/Fire      ###...       3%          2    None
 Confuse                  Hex            ###.....     8%          3    None
 Conjure Flame            Conj/Fire      ###.....     8%          3    None
 Dazzling Spray           Conj/Hex       ###...       8%          3    None
 Gell's Gravitas          Tloc           ###.......   8%          3    None
 Inner Flame              Hex/Fire       ###.....     8%          3    None
 Mephitic Cloud           Conj/Pois/Air  ###.....     8%          3    None
 Static Discharge         Conj/Air       ###.....     8%          3    None
 Tukima's Dance           Hex            ###.....     8%          3    None
 Vampiric Draining        Necr           ###.......   8%          3    None
 Airstrike                Air            ###.......   26%         4    None
 Animate Dead             Necr           N/A          26%         4    None
 Force Lance              Conj/Tloc      ###.....     26%         4    None
 Fulminant Prism          Conj/Hex       ###.......   26%         4    None
 Iskenderun's Mystic Bla  Conj           ###.....     26%         4    None
 Olgreb's Toxic Radiance  Pois           ###.....     26%         4    None
 Sticky Flame             Conj/Fire      ###.....     26%         4    None
 Yara's Violent Unravell  Hex/Tmut       ####......   50%         5    None
 Bolt of Draining         Conj/Necr      ###.......   56%         5    None
 Dispel Undead            Necr           ###.....     56%         5    None
 Fireball                 Conj/Fire      ###.......   56%         5    None
 Lightning Bolt           Conj/Air       ###.......   56%         5    None
 Metabolic Englaciation   Hex/Ice        ###.......   56%         5    None
 Venom Bolt               Conj/Pois      ###.......   56%         5    None
 Conjure Ball Lightning   Conj/Air       ###.......   98%         6    ###....
 Death Channel            Necr           ###.......   98%         6    ###....
 Spellforged Servitor     Conj/Summ      ###.......   100%        7    #####..
 Summon Hydra             Summ           ###.......   100%        7    #####..
 Ignition                 Fire           ###.......   100%        8    ######.
 Dragon's Call            Summ           ###.......   100%        9    #######
 Tornado                  Air            ###.......   100%        9    #######


Dungeon Overview and Level Annotations

Branches:
Dungeon (15/15)            Temple (0/1) D:7            Lair (6/6) D:9
  Swamp (0/4) Lair:4        Snake (0/4) Lair:4        Slime (0/5) Lair:6
    Orc (2/2) D:12            Elf (1/3) Orc:2        Vaults (0/5) D:13
 Depths (0/5) D:15          Sewer (visited)         Gauntlet (visited)

Shops:
D:4 *   D:9 (   D:10 [   Orc:2 (?[[

Annotations:
D:4 3 runed translucent doors, Xerdoz's ghost, novice DrFE
Lair:2 3 runed translucent doors, thethe's ghost, journeyman DEWz


Innate Abilities, Weirdness & Mutations

You have an increased reservoir of magic. (+10% MP)


Message History

The deep elf knight easily resists.
Evoke which item? (* to show all) (? for menu, Esc to quit)
Aiming: Throw Flame
Press: ? - help, Shift-Dir - straight line, f - deep elf mage
Aim: a deep elf mage, wielding a +0 long sword (fleeing)
The puff of flame hits the deep elf mage.
The deep elf mage is lightly wounded.
Your attack snaps the deep elf mage out of its fear.
You puncture the deep elf mage!
The deep elf mage is heavily wounded.
The deep elf knight gestures at you while chanting.
The shard of ice hits you!!
You feel a painful chill!
* * * LOW HITPOINT WARNING * * *
The deep elf knight casts a spell at you.
You block the shard of ice. The deep elf mage closely misses you.
Okay, then.
You feel much better.
The deep elf knight casts a spell at you.
The shard of ice hits you!!!
You feel a painful chill!
You die...

##...........#
..#..........#
......eee..#
#..###ee.#
#.#...#.## .
#.#.e.#).#
....##.#).$#.#.#
......e(###e#
..#....#).@###
##..#.#####.#
##.## #.## ##.#
## ##


You could see a deep elf knight and 2 deep elf magi.

Vanquished Creatures
  Gastronok (D:12)
  An ironheart preserver (D:13)
  2 entropy weavers (D:13)
  A minotaur (Gauntlet)
  2 fire dragons (Lair:6)
  A yaktaur captain (D:15)
  Erolcha (Orc:2)
  2 hydras
  4 centaur warriors
  The ghost of squishfish the Basher, a journeyman GrFi of Okawaru (D:10)
  A catoblepas (Gauntlet)
  2 ogre magi
  A death knight (D:13)
  A queen ant (D:13)
  11 two-headed ogres
  Urug (D:11)
  A deep elf knight (Elf:1)
  An orc high priest (Orc:2)
  A sixfirhy (Gauntlet)
  The ghost of hitsuchi the Protected, a novice GnWn of Cheibriados (D:7)
  2 skeletal warriors (D:13)
  3 unseen horrors
  2 glowing orange brains (Gauntlet)
  A swamp dragon (Lair:6)
  A wizard (D:15)
  2 deep elf archers (Elf:1)
  A lindwurm (Lair:6)
  A phantasmal warrior (D:13)
  3 deep elf magi
  9 ugly things
  9 orc sorcerers (Orc:2)
  4 manticores
  4 cyclopes
  6 black mambas
  3 gargoyles
  10 elephants (Lair:6)
  5 torpor snails (Lair:6)
  A redback zombie (D:15)
  5 kobold demonologists
  14 rime drakes
  3 komodo dragons
  15 spiny frogs
  4 efreet
  2 tengu conjurers (D:14)
  2 polar bears (Lair:3)
  5 trolls
  A meliai (shapeshifter) (D:14)
  6 hornets (Lair:6)
  Prince Ribbit (D:5)
  4 tyrant leeches (Lair:6)
  Grinder (D:6)
  10 slime creatures
  15 blink frogs
  18 hippogriffs
  18 dream sheep
  A spriggan (Lair:4)
  3 wraiths
  8 wyverns
  A vampire (D:11)
  7 basilisks
  52 yaks
  2 hungry ghosts
  11 steam dragons
  2 vampire mosquitoes (D:15)
  12 wargs
  Menkaure (D:6)
  4 nagas (Lair:4)
  20 soldier ants
  5 acid dragons
  13 water moccasins
  A hell hound (Lair:4)
  19 orc warriors
  2 hornet zombies
  6 porcupines
  A swamp drake (Lair:6)
  5 ice beasts
  4 sky beasts
  2 black bears
  2 eyes of draining
  A necrophage (D:8)
  2 phantoms
  17 wolves
  14 ogres
  14 centaurs
  19 crocodiles
  Blork the orc (D:4)
  18 big kobolds
  A gnoll sergeant (D:11)
  14 bullfrogs
  2 wyvern zombies
  An earth elemental (Elf:1)
  A water moccasin zombie (D:5)
  A wyvern skeleton (D:12)
  6 scorpions
  51 killer bees
  4 wights (D:7)
  2 electric eels
  5 howler monkeys
  12 crimson imps
  A quasit (D:9)
  3 bullfrog zombies
  3 centaur zombies
  8 hounds
  6 jellies
  42 orc wizards
  4 centaur skeletons
  Crazy Yiuf (D:4)
  A gnoll shaman (D:5)
  20 orc priests
  Jessica (D:3)
  10 iguanas
  Natasha (D:3)
  23 worker ants
  3 hound skeletons
  2 howler monkey zombies
  4 gnolls (D:5)
  A howler monkey skeleton (D:5)
  13 adders
  A river rat (D:3)
  8 shadow imps
  3 ufetubi (Gauntlet)
  6 oozes
  2 worms
  A dart slug (D:2)
  4 leopard geckos
  91 orcs
  5 giant cockroaches
  7 goblins
  4 hobgoblins
  20 jackals
  25 kobolds
  5 quokkas
  6 ball pythons
  5 bats
  11 frilled lizards
  A leopard gecko skeleton (D:4)
  2 leopard gecko zombies (D:7)
  11 rats
  A fungus (Lair:5)
  8 plants
972 creatures vanquished.

Vanquished Creatures (others)
  A spiny frog (Lair:6)
  3 blink frogs (Lair:6)
  A wyvern (D:9)
  2 centaurs
  An ogre (D:9)
  A worker ant (D:13)
  An adder (D:9)
  8 fungi
  11 plants
29 creatures vanquished.

Grand Total: 1001 creatures vanquished

Notes
Turn   | Place    | Note
-------+----------+-------------------------------------------
     0 | D:1      | Johnny the Demigod Earth Elementalist began the quest for
                  | the Orb.
     0 | D:1      | Reached XP level 1. HP: 14/14 MP: 5/5
    73 | D:1      | Reached skill level 3 in Earth Magic
   162 | D:1      | Reached XP level 2. HP: 13/20 MP: 5/7
   719 | D:2      | Found a sparkling altar of Nemelex Xobeh.
   721 | D:2      | Reached XP level 3. HP: 19/26 MP: 6/9
   729 | D:2      | Found a stormy altar of Qazlal.
  1443 | D:2      | Reached XP level 4. HP: 28/33 MP: 9/11
  1525 | D:2      | Found a white marble altar of Elyvilon.
  1686 | D:3      | Noticed Natasha
  1695 | D:3      | Killed Natasha
  1695 | D:3      | Reached skill level 4 in Earth Magic
  1772 | D:3      | Found a shimmering altar of Xom.
  1774 | D:3      | Noticed Jessica
  1778 | D:3      | Killed Jessica
  1823 | D:3      | Found a glowing drain.
  1843 | Sewer    | Entered a sewer
  2253 | Sewer    | Reached XP level 5. HP: 38/38 MP: 13/13
  2569 | Sewer    | Reached XP level 6. HP: 31/45 MP: 9/15
  2576 | Sewer    | Reached skill level 5 in Earth Magic
  3365 | D:4      | Found a stormy altar of Qazlal.
  3365 | D:4      | Found a glowing golden altar of the Shining One.
  3407 | D:4      | Found a runed translucent gate.
  3408 | D:4      | Found a runed translucent gate.
  3408 | D:4      | Found a runed translucent gate.
  3408 | D:4      | Noticed Xerdoz's ghost (novice DrFE)
  3416 | D:4      | Found a shadowy altar of Dithmenos.
  3422 | D:4      | Got a bloodstained robe
  3433 | D:4      | Identified the +1 robe of the Jolly Eyes {+Blink +Fly Int-5
                  | Dex+4} (You found it on level 4 of the Dungeon)
  3493 | D:4      | Found Yjoopn's General Store.
  3501 | D:4      | Bought 2 scrolls of identify for 44 gold pieces
  3537 | D:4      | Noticed Blork the orc
  3544 | D:4      | Killed Blork the orc
  3544 | D:4      | Reached skill level 5 in Spellcasting
  3544 | D:4      | Reached XP level 7. HP: 39/50 MP: 17/17
  3563 | D:4      | Learned a level 3 spell: Stone Arrow
  3569 | D:4      | Learned a level 5 spell: Lee's Rapid Deconstruction
  3574 | D:4      | Learned a level 4 spell: Petrify
  3887 | D:4      | You fall into a shaft and drop 3 floors!
  3889 | D:7      | Found a staircase to the Ecumenical Temple.
  3891 | D:7      | Reached skill level 6 in Earth Magic
  3979 | D:7      | HP: 2/50 [orc wizard/puff of flame (8)]
  4557 | D:6      | Reached XP level 8. HP: 13/57 MP: 15/20
  4902 | D:5      | Entered Level 5 of the Dungeon
  4925 | D:5      | Reached skill level 7 in Earth Magic
  6257 | D:5      | Noticed Prince Ribbit
  6259 | D:5      | Killed Prince Ribbit
  6259 | D:5      | Reached skill level 8 in Earth Magic
  6743 | D:4      | Found a runed translucent door.
  6744 | D:4      | Noticed Crazy Yiuf
  7279 | D:4      | Killed Crazy Yiuf
  7747 | D:6      | Reached XP level 9. HP: 47/62 MP: 24/24
  7813 | D:6      | Noticed Grinder
  7824 | D:6      | Killed Grinder
  7900 | D:6      | Found a snail-covered altar of Cheibriados.
  8032 | D:6      | Noticed Menkaure
  8037 | D:6      | Killed Menkaure
  8037 | D:6      | Reached skill level 9 in Earth Magic
  8441 | D:7      | Found a runed translucent door.
  8585 | D:7      | Noticed hitsuchi's ghost (novice GnWn)
  9019 | D:7      | Killed hitsuchi's ghost
  9308 | D:8      | Noticed a two-headed ogre
  9312 | D:8      | Killed a two-headed ogre
  9312 | D:8      | Reached skill level 10 in Earth Magic
  9312 | D:8      | Reached XP level 10. HP: 66/69 MP: 25/27
 10039 | D:8      | Reached skill level 1 in Fighting
 10365 | D:8      | Found a transporter.
 10379 | D:8      | Found a transporter.
 10464 | D:8      | Found a hide-covered altar of Uskayaw.
 11064 | D:9      | Reached skill level 10 in Spellcasting
 11066 | D:9      | Reached skill level 11 in Earth Magic
 11506 | D:9      | Found a staircase to the Lair.
 11749 | D:9      | Reached XP level 11. HP: 42/84 MP: 29/29
 11896 | D:9      | Found Qyvuw's Antique Weapon Emporium.
 12358 | D:10     | Entered Level 10 of the Dungeon
 12389 | D:10     | Noticed squishfish's ghost (journeyman GrFi)
 12395 | D:10     | Found a runed translucent gate.
 12398 | D:10     | Found a runed translucent gate.
 12398 | D:10     | Identified the +9 whip "Onwyun" {venom, rF+ MR++}
 12399 | D:10     | Found a runed translucent gate.
 12506 | D:10     | Identified the Volume of Dark Arts
 12646 | D:10     | Reached skill level 5 in Fighting
 12722 | D:10     | Got an encrusted spear
 12723 | D:10     | Identified the +9 spear "Leamiviny" {pierce, SInv} (You
                  | found it on level 10 of the Dungeon)
 13020 | D:10     | Found Setetir's Armour Boutique.
 13025 | D:10     | Bought the +2 helmet of Vanity {*Drain rElec Int+3} for 379
                  | gold pieces
 13438 | D:10     | Reached skill level 12 in Earth Magic
 13456 | D:10     | Killed squishfish's ghost
 13473 | D:10     | Got a pitted marble ring
 13475 | D:10     | Identified the ring "Piezidgh" {*Corrode rF+ rN+ Dex+4
                  | Stlth-} (You found it on level 10 of the Dungeon)
 13650 | D:11     | Noticed an unseen horror
 13655 | D:11     | Killed an unseen horror
 13734 | D:11     | Noticed Urug
 13743 | D:11     | Killed Urug
 13743 | D:11     | Reached XP level 12. HP: 66/100 MP: 5/32
 14553 | D:12     | Identified a scroll of acquirement
 14579 | D:12     | Found a gate leading to a gauntlet.
 14590 | Gauntlet | Entered a Gauntlet
 14590 | Gauntlet | Found a transporter.
 14600 | Gauntlet | Found a transporter.
 14610 | Gauntlet | Found a transporter.
 14626 | Gauntlet | Found a transporter.
 14631 | Gauntlet | Noticed a dire elephant
 14632 | Gauntlet | Found a runed translucent door.
 14634 | Gauntlet | Found a transporter.
 14636 | Gauntlet | Found a runed translucent door.
 14644 | Gauntlet | Found a transporter.
 14651 | Gauntlet | Found a runed translucent door.
 14655 | Gauntlet | Found a transporter.
 14670 | Gauntlet | Found a transporter.
 14684 | Gauntlet | Found a transporter.
 14684 | Gauntlet | Found a transporter.
 14726 | Gauntlet | Found a transporter.
 14740 | Gauntlet | Found a transporter.
 14742 | Gauntlet | Found a transporter.
 14744 | Gauntlet | Noticed a catoblepas
 14752 | Gauntlet | Found a transporter.
 14913 | Gauntlet | Killed a catoblepas
 14928 | Gauntlet | Got crude pearl dragon scales
 15205 | Gauntlet | Got a steaming steel ring
 15216 | Gauntlet | Identified the cursed +1 pearl dragon scales of the Mind
                  | {rF+ rN+ MR- Str+2} (You found it in a Gauntlet)
 15229 | Gauntlet | Identified the ring "Jophau" {rF+ Str+3 Dex-3 Slay+6} (You
                  | found it in a Gauntlet)
 15246 | Gauntlet | Noticed a minotaur
 15254 | Gauntlet | Killed a minotaur
 15334 | Gauntlet | Identified a +0 pair of boots of running (You found it in a
                  | Gauntlet)
 15560 | D:12     | Reached skill level 1 in Shields
 15592 | D:12     | Reached skill level 13 in Earth Magic
 15726 | D:12     | Found a staircase to the Orcish Mines.
 16273 | D:13     | Noticed a death knight
 16575 | D:13     | Identified the +9 halberd "Hoimpum" {vamp, -Tele rPois
                  | Int+5 Dex-3}
 16581 | D:13     | Noticed a three-headed hydra
 16586 | D:13     | Killed a three-headed hydra
 16719 | D:13     | Killed a death knight
 16719 | D:13     | Reached XP level 13. HP: 52/107 MP: 2/34
 16856 | D:13     | Identified the Almanac of the Excruciating Entourage (You
                  | acquired it on level 13 of the Dungeon)
 16875 | D:13     | Learned a level 9 spell: Shatter
 16878 | D:13     | Learned a level 2 spell: Sublimation of Blood
 16886 | D:13     | Noticed an entropy weaver
 16891 | D:13     | Killed an entropy weaver
 17410 | D:13     | Noticed an ironheart preserver
 17420 | D:13     | Killed an ironheart preserver
 17420 | D:13     | Reached skill level 5 in Shields
 17541 | D:13     | Found a gate to the Vaults.
 17858 | D:13     | Noticed an entropy weaver
 18022 | D:13     | Killed an entropy weaver
 18299 | D:13     | Reached skill level 14 in Earth Magic
 18876 | D:14     | Got a brightly glowing scimitar
 18909 | D:14     | Identified the +5 scimitar of Beogh's Supremacy {drain, rC+
                  | Dex+4 Stlth+} (You found it on level 14 of the Dungeon)
 19661 | D:15     | Entered Level 15 of the Dungeon
 19843 | D:15     | Found a staircase to the Depths.
 19907 | D:15     | Reached XP level 14. HP: 90/115 MP: 33/36
 19914 | D:15     | Reached skill level 15 in Earth Magic
 20818 | Orc:1    | Entered Level 1 of the Orcish Mines
 20838 | Orc:1    | Noticed Gastronok
 20917 | D:12     | Killed Gastronok
 21130 | Orc:1    | Found an iron altar of Okawaru.
 21459 | Orc:2    | Entered Level 2 of the Orcish Mines
 21462 | Orc:2    | Found a staircase to the Elven Halls.
 22290 | Orc:2    | Paralysed by an orc sorcerer for 2 turns
 22338 | Orc:2    | Found Ixyb's Magic Scroll Shop.
 22338 | Orc:2    | Found Zimi Qoa's Weapon Emporium.
 22349 | Orc:2    | Bought a scroll of identify for 30 gold pieces
 22349 | Orc:2    | Bought a scroll of identify for 30 gold pieces
 22349 | Orc:2    | Bought a scroll of holy word for 112 gold pieces
 22349 | Orc:2    | Bought a scroll of identify for 30 gold pieces
 22376 | Orc:2    | Found a roughly hewn altar of Beogh.
 22465 | Orc:2    | Found Voomm's Armour Shop.
 22465 | Orc:2    | Found Edesh's Antique Armour Emporium.
 22491 | Orc:2    | Noticed Erolcha
 22502 | Orc:2    | Killed Erolcha
 22821 | Orc:2    | Bought 23 stones for 25 gold pieces
 23060 | Orc:2    | Bought a scroll of fog for 30 gold pieces
 23060 | Orc:2    | Bought a scroll of blinking for 112 gold pieces
 23060 | Orc:2    | Bought 3 scrolls of enchant armour for 337 gold pieces
 23060 | Orc:2    | Bought a scroll of holy word for 112 gold pieces
 23060 | Orc:2    | Bought a scroll of blinking for 112 gold pieces
 23060 | Orc:2    | Bought a scroll of immolation for 52 gold pieces
 23228 | Lair:1   | Entered Level 1 of the Lair of Beasts
 23252 | Lair:1   | Reached skill level 16 in Earth Magic
 23375 | Lair:1   | Got a slimy cloak
 23449 | Lair:1   | Identified the cursed +0 cloak of Indomitability {rPois rC-
                  | Str+4 Dex+4} (You found it on level 1 of the Lair of
                  | Beasts)
 24450 | Lair:2   | Learned a level 3 spell: Regeneration
 24747 | Lair:2   | Found a runed translucent gate.
 24747 | Lair:2   | Found a runed translucent gate.
 24747 | Lair:2   | Found a runed translucent gate.
 24747 | Lair:2   | Noticed thethe's ghost (journeyman DEWz)
 24748 | Lair:2   | Found a viscous altar of Jiyva.
 25799 | Lair:3   | Identified the ring of Selal {+Fly Int+2}
 26144 | Lair:4   | Got a smoking scale mail
 26185 | Lair:4   | Reached XP level 15. HP: 121/121 MP: 26/38
 26267 | Lair:4   | Identified the +1 scale mail of Parts Unknown {Str+3 SInv}
                  | (You found it on level 4 of the Lair of Beasts)
 26311 | Lair:4   | Found a staircase to the Swamp.
 26394 | Lair:4   | Reached skill level 17 in Earth Magic
 26497 | Lair:4   | Found a staircase to the Snake Pit.
 27987 | Lair:6   | Entered Level 6 of the Lair of Beasts
 28332 | Lair:6   | Found a staircase to the Slime Pits.
 28456 | Lair:6   | Reached skill level 18 in Earth Magic
 28910 | Lair:6   | Found a runed translucent door.
 31064 | Elf:1    | Entered Level 1 of the Elven Halls
 31082 | Elf:1    | Killed from afar by a deep elf knight

Levels and vault maps discovered:
D:1:      nagdon_arrival_double_spiral, layout_rooms
D:2:      layout_rooms, nemelex_xobeh_ov_fountains_minmay, elyvilon_altar_1,
          first_ration, grunt_qazlal_sundering
D:3:      layout_rooms, old_standard_altar, cheibrodos_sewer_entry_sluice,
          uniq_jessica, uniq_natasha
D:4:      layout_loops_ring, gammafunk_temple_overflow_statue,
          grunt_dithmenos_smoke_and_mirrors, serial_shops, shop,
          gammafunk_ghost_split, uniq_crazy_yiuf_cottage, uniq_blork_the_orc
D:5:      layout_loops_cross, uniq_prince_ribbit1
D:6:      layout_loops_corners, kennysheep_mini_moat, uniq_menkaure,
          uniq_grinder
D:7:      layout_loops_corners, minmay_temple_entry_large_hall,
          ebering_ghost_reflecting_pool
D:8:      gammafunk_wand_slinger, layout_loops_cross, kennysheep_little_box
D:9:      minmay_bloctagon_deflated, layout_small_grid, erik_lair_island,
          serial_shops, shop
D:10:     layout_loops_ring, serial_shops, shop, gammafunk_ghost_nasty_kobolds
D:11:     minmay_ornate_pinched, layout_irregular_city, uniq_urug
D:12:     layout_roguey, hiddenorc1_lemuel, gauntlet_entry_generic
D:13:     layout_roguey, skrybe_vaults_entry_preservation, hangedman_ranch
          [blue_anna_fruit_fields], zaba_antful_of_joy
D:14:     layout_gridville
D:15:     grunt_enter_depths_snipers, layout_cave_pods,
          minmay_misc_feat_pillars, grunt_ministairs_3, hex_tiny,
          chequers_serial_rivers_marsh
Lair:1:   layout_regular_city, beast_lair_carwin_5, grunt_megastairs_1,
          infiniplex_staircase_pool
Lair:2:   layout_gridlike, gammafunk_ghost_ooze, bobbens_dragon_lair_wall
Lair:3:   wad_woods_minihive, layout_loops_ring, minivault_26
Lair:4:   layout_roguey [special_room_mythical_zoo], swamp_mist_pool,
          minmay_snake_entry_guardpost_large, wad_woods_03
Lair:5:   layout_roguey, lemuel_fruit_tree
Lair:6:   wormcave, layout_small_grid, guppyfry_lair_end_dragon,
          nicolae_slime_entry_slimehenge
Orc:1:    layout_diamond_mine, okawaru_metal_pillars_1_2, uniq_gastronok
Orc:2:    st_orc_town, layout_caves, uniq_erolcha
Elf:1:    layout_loops_cross, hangedman_elf_represent, uniq_jorgrun

Skill      XL: |  1  2  3  4  5  6  7  8  9 10 11 12 13 14 15 |
---------------+----------------------------------------------+-----
Spellcasting   | 2 3 4 5 6 7 9 10 11 12 13 | 13.9
Earth Magic    | 3 4 5 6 8 10 11 12 13 14 16 18 | 18.8
Fighting       | 4 7 8 |  8.2
Shields        | 3 6 |  6.2
Dodging        | |  1.7
Stealth        | |  1.7
Transmutations | |  0.8

Action                   |  1- 3 |  4- 6 |  7- 9 | 10-12 | 13-15 || total
-------------------------+-------+-------+-------+-------+-------++-------
Melee: Unarmed           |    10 |       |       |       |       ||    10
       Dagger            |    21 |       |       |       |       ||    21
       Quarterstaff      |    10 |     2 |       |       |       ||    12
       Whip              |       |    88 |   179 |    84 |       ||   351
       Spear             |       |       |       |    61 |   218 ||   279
       Broad axe         |       |       |       |     5 |       ||     5
Throw: Stone             |     1 |       |       |     1 |       ||     2
 Cast: Sandblast         |    50 |    74 |    89 |   123 |   431 ||   767
       Lee's Rapid Decon |       |       |    20 |   129 |   235 ||   384
       Stone Arrow       |       |       |     3 |    37 |   134 ||   174
       Petrify           |       |       |       |     7 |    25 ||    32
       Sublimation of Bl |       |       |       |       |     4 ||     4
       Regeneration      |       |       |       |       |     1 ||     1
 Abil: Evoke Berserk Rag |       |       |       |     2 |       ||     2
Evoke: Wand              |       |       |     5 |    21 |    24 ||    50
  Use: Scroll            |       |     5 |     6 |    10 |    24 ||    45
       Potion            |       |     1 |     2 |     2 |     2 ||     7
 Stab: Sleeping          |       |     5 |     8 |     1 |     3 ||    17
       Distracted        |       |       |     1 |       |     1 ||     2
  Eat: Chunk             |     2 |     6 |    12 |    21 |    32 ||    73
       Ration            |       |       |     3 |     4 |     4 ||    11
Armor: Robe              |     9 |    14 |    31 |     7 |       ||    61
       Troll leather arm |       |       |       |    65 |   174 ||   239
Dodge: Dodged            |    62 |   109 |   130 |   153 |   274 ||   728
Block: Buckler           |       |       |       |       |   157 ||   157
